[Event "Titled Tuesday Blitz December 27 Late 2022"]
[White "Baskakov, Egor"]
[Black "Mekhitarian, Krikor Sevag"]
[WhiteFideId "24197866"]
[BlackFideId "2107660"]
[WhiteElo "2215"]
[BlackElo "2537"]
[Result "1-0"]
[Round "10"]
[TimeControl "180+2"]
[Date "2022.12.27"]
[WhiteClock "0:00:26"]
[BlackClock "0:00:18"]

1. e4 c5 2. Nf3 e6 3. Be2 Nf6 4. Nc3 Nc6 5. O-O d6 6. d4 cxd4 7. Nxd4 Be7 8. Be3 O-O 9. f4 Bd7 10. Bf3 Nxd4 11. Bxd4 Bc6 12. Qe2 Nd7 13. Rad1 Re8 14. e5 Qc7 15. exd6 Bxd6 16. Bxc6 Qxc6 17. Ne4 Bf8 18. Bc3 h6 19. Rfe1 Nc5 20. Ng3 Rad8 21. Rxd8 Rxd8 22. Nh5 Na4 23. Be5 f6 24. Bxf6 gxf6 25. Nxf6+ Kf7 26. Ng4 Bg7 27. f5 Qc5+ 28. Kh1 exf5 29. Qe6+ Kf8 30. Nf6 1-0


[Site "https://www.chess.com"]

[Event "Titled Tuesday Blitz December 27 Late 2022"]
[White "Battlecruiser_Operational"]
[Black "Wang, Alexander J"]
[BlackFideId "30955270"]
[WhiteElo "2417"]
[BlackElo "1815"]
[Result "1-0"]
[Round "10"]
[TimeControl "180+2"]
[Date "2022.12.27"]
[WhiteClock "0:01:34"]
[BlackClock "0:01:56"]

1. d4 d5 2. c4 e6 3. Nc3 c5 4. cxd5 exd5 5. Nf3 Nc6 6. e3 Nf6 7. Bb5 Bd7 8. O-O a6 9. Bxc6 Bxc6 10. Ne5 Be7 11. Nxc6 bxc6 12. dxc5 Bxc5 13. b3 O-O 14. Bb2 Be7 15. Rc1 Qd7 16. Qd3 Rfd8 17. Rfd1 c5 18. Na4 Qb5 19. Bxf6 Bxf6 20. Rxc5 Qxd3 21. Rxd3 d4 22. e4 Rac8 23. g3 Rxc5 24. Nxc5 Rc8 25. Nxa6 Ra8 26. Nb4 Rc8 27. Nd5 Rc2 28. a4 h5 29. Nxf6+ gxf6 30. Rxd4 Rb2 31. Rb4 1-0


[Site "https://www.chess.com"]

[Event "Titled Tuesday Blitz December 27 Late 2022"]
[White "Bogaudinov, Rushan"]
[Black "Ronka, Erik"]
[WhiteFideId "4129288"]
[BlackFideId "505080"]
[WhiteElo "1939"]
[BlackElo "2276"]
[Result "0-1"]
[Round "10"]
[TimeControl "180+2"]
[Date "2022.12.27"]
[WhiteClock "0:00:09"]
[BlackClock "0:00:06"]

1. a3 g6 2. d4 Bg7 3. e3 d6 4. c4 f5 5. h4 Nf6 6. Be2 e5 7. h5 O-O 8. hxg6 hxg6 9. Nc3 Nc6 10. Nf3 Ng4 11. dxe5 dxe5 12. Qxd8 Nxd8 13. e4 c6 14. b4 Ne6 15. Bb2 Nd4 16. Ng5 Nc2+ 17. Kf1 Nxa1 18. Bxa1 Bf6 19. Nf3 Be6 20. Bb2 Rad8 21. Ke1 Kf7 22. Nd2 Rh8 23. Rxh8 Rxh8 24. Bxg4 fxg4 25. Ke2 Bg5 26. Ncb1 Rh2 27. g3 Rh1 28. Bxe5 Rc1 29. Kd3 b5 30. cxb5 cxb5 31. Bb2 Bc4+ 32. Kd4 Rc2 33. Bc3 Ba2 34. Kd3 Bxb1 35. Nxb1 Rxf2 36. Nd2 Bxd2 37. Bxd2 Rf3+ 38. Kd4 Rxg3 39. Kc5 Rxa3 40. Kxb5 g3 41. Be1 g2 42. Bf2 Rf3 43. Bxa7 Ke6 44. Kc6 Rf4 45. b5 Rxe4 46. Bg1 Re1 47. Bh2 Rc1+ 48. Kb7 Kd7 49. b6 Rh1 50. Ka8 Rxh2 51. b7 Rh8+ 52. Ka7 g1=Q+ 53. Ka6 Qa1+ 54. Kb5 Qb2+ 55. Kc4 Qc2+ 56. Kd5 Rb8 57. Ke5 Rxb7 58. Kf6 Rb6+ 59. Kg5 Qf5+ 60. Kh6 Qh5+ 61. Kg7 g5 62. Kf8 Qh8+ 63. Kf7 Qh7+ 64. Kf8 Rf6# 0-1


[Site "https://www.chess.com"]

[Event "Titled Tuesday Blitz December 27 Late 2022"]
[White "Bryakin, Mikhail"]
[Black "Sourath Biswas"]
[WhiteFideId "4165314"]
[BlackFideId "35091484"]
[WhiteElo "2455"]
[BlackElo "2281"]
[Result "1-0"]
[Round "10"]
[TimeControl "180+2"]
[Date "2022.12.27"]
[WhiteClock "0:00:50"]
[BlackClock "0:00:01"]

1. b3 e5 2. Bb2 Nc6 3. e3 g6 4. c4 Bg7 5. Nc3 Nge7 6. Nge2 O-O 7. g3 d5 8. Bg2 d4 9. Nd5 Be6 10. e4 f5 11. d3 Rf7 12. O-O Qd6 13. f4 fxe4 14. dxe4 Bg4 15. h3 Bxe2 16. Qxe2 exf4 17. gxf4 d3 18. Qd2 Nxd5 19. cxd5 Bxb2 20. Qxb2 Nb4 21. e5 Qc5+ 22. Qf2 Qxf2+ 23. Rxf2 Rd8 24. Rd1 Nxd5 25. Rxd3 c6 26. Bxd5 Rxd5 27. Rxd5 cxd5 28. Kg2 Kg7 29. Kg3 h6 30. Rd2 Rd7 31. Kg4 Kf7 32. f5 gxf5+ 33. Kxf5 Ke7 34. Rg2 Kf8 35. Ke6 Rd8 36. Kf6 d4 37. e6 Rd6 38. Rf2 Ke8 39. Rg2 Kf8 40. Rf2 Ke8 41. Ke5 Rd8 42. Rg2 d3 43. Kf6 Kf8 44. e7+ 1-0


[Site "https://www.chess.com"]

[Event "Titled Tuesday Blitz December 27 Late 2022"]
[White "Can, Melih Kaan"]
[Black "Bjelobrk, Igor"]
[WhiteFideId "6317383"]
[BlackFideId "4300726"]
[WhiteElo "2069"]
[BlackElo "2403"]
[Result "0-1"]
[Round "10"]
[TimeControl "180+2"]
[Date "2022.12.27"]
[WhiteClock "0:00:03"]
[BlackClock "0:00:03"]

1. d4 d5 2. c4 c6 3. Nf3 Nf6 4. Nc3 a6 5. c5 Nbd7 6. Bf4 Nh5 7. Bg5 h6 8. Bd2 Nhf6 9. g3 g6 10. Bg2 Bg7 11. O-O O-O 12. Qc2 b6 13. b4 bxc5 14. bxc5 Re8 15. e4 dxe4 16. Nxe4 Nd5 17. Rfe1 Qc7 18. Qa4 a5 19. Rab1 Ra6 20. Nd6 Rd8 21. Nc4 Nf8 22. Bxa5 Qa7 23. Nfe5 Qa8 24. Qc2 Rxa5 25. Nxa5 Bxe5 26. Nxc6 Qxc6 27. Rxe5 e6 28. Rb6 Qc7 29. Rb1 Nh7 30. a4 Nhf6 31. Ra1 Ba6 32. a5 Rb8 33. Ree1 Ra8 34. Reb1 Bb7 35. Qc4 Bc6 36. a6 Kg7 37. h4 h5 38. Ra3 Ra7 39. Rba1 Ne7 40. Bxc6 Nxc6 41. Ra4 Nd5 42. Qc1 Qe7 43. Qb1 Qf6 44. Qb2 Qf5 45. R1a3 Qg4 46. Kh2 Qf5 47. Rb3 Qf6 48. Rb7 Ra8 49. a7 Qd8 50. Qb5 Nde7 51. Ra6 Nxd4 52. Qb6 Qd5 53. Rxe7 Nf3+ 54. Kg2 Nxh4+ 55. Kf1 Qd1# 0-1


[Site "https://www.chess.com"]

[Event "Titled Tuesday Blitz December 27 Late 2022"]
[White "Carbone, Diego"]
[Black "Yano, William Jorge Froes"]
[WhiteFideId "3002179"]
[BlackFideId "2112949"]
[WhiteElo "2336"]
[BlackElo "2045"]
[Result "1-0"]
[Round "10"]
[TimeControl "180+2"]
[Date "2022.12.27"]
[WhiteClock "0:00:10"]
[BlackClock "0:00:14"]

1. d4 Nf6 2. c4 c5 3. d5 b5 4. cxb5 a6 5. bxa6 g6 6. Nc3 Bxa6 7. e4 Bxf1 8. Kxf1 d6 9. g3 Bg7 10. Kg2 O-O 11. Nf3 Na6 12. Re1 Nd7 13. h4 Qc7 14. h5 Rfb8 15. Re2 Rb4 16. a3 Rb7 17. Nd2 Nb6 18. hxg6 fxg6 19. a4 Qd7 20. a5 Nb4 21. Nb3 Nc4 22. Na4 Nxa5 23. Nxa5 Rxa5 24. Nb6 Qb5 25. Rxa5 Qxa5 26. Nc4 Qb5 27. b3 Ra7 28. Bg5 Na2 29. Qc2 Nc3 30. Re3 Ra2 31. Qd3 Qxb3 32. e5 Qc2 33. Qxc2 Rxc2 34. exd6 exd6 35. Nxd6 Nxd5 36. Re8+ Bf8 37. Bh6 Nf4+ 38. gxf4 1-0


[Site "https://www.chess.com"]

[Event "Titled Tuesday Blitz December 27 Late 2022"]
[White "Clawitter, Craig"]
[Black "Marcolino, Daniel Mattos"]
[WhiteFideId "2023105"]
[BlackFideId "2106841"]
[WhiteElo "2050"]
[BlackElo "2006"]
[Result "1-0"]
[Round "10"]
[TimeControl "180+2"]
[Date "2022.12.27"]
[WhiteClock "0:01:39"]
[BlackClock "0:01:20"]

1. e4 c6 2. Nf3 d5 3. e5 c5 4. d4 cxd4 5. Qxd4 Nc6 6. Bb5 Qa5+ 7. Nc3 Qxb5 8. Nxb5 Nxd4 9. Nfxd4 Kd8 10. e6 fxe6 11. Bf4 a6 12. Nc7 Ra7 13. Ncxe6+ Ke8 14. Bb8 Kf7 15. Bxa7 Bxe6 16. Nxe6 Kxe6 17. O-O-O Nf6 18. Rhe1+ Kf7 19. Bd4 g6 20. Bxf6 exf6 21. Rxd5 Bh6+ 22. Kb1 Rc8 23. Rd7+ Kg8 24. Rxb7 1-0


[Site "https://www.chess.com"]

[Event "Titled Tuesday Blitz December 27 Late 2022"]
[White "Corredor Castellanos, Camilo"]
[Black "Bach, Matthias"]
[WhiteFideId "4425871"]
[BlackFideId "4603168"]
[WhiteElo "1957"]
[BlackElo "2214"]
[Result "0-1"]
[Round "10"]
[TimeControl "180+2"]
[Date "2022.12.27"]
[WhiteClock "0:00:52"]
[BlackClock "0:01:02"]

1. e4 e5 2. Bc4 Bc5 3. Nf3 Nc6 4. O-O d6 5. c3 Bg4 6. d3 Qf6 7. Nbd2 Nge7 8. b4 Bb6 9. a4 a6 10. Re1 Ng6 11. Nf1 Bxf3 12. Qxf3 Qxf3 13. gxf3 Nh4 14. Nd2 g5 15. Bb2 Ke7 16. a5 Ba7 17. b5 axb5 18. Bxb5 Nd8 19. d4 f6 20. Bc4 Ne6 21. Bxe6 Kxe6 22. Ra3 Rhg8 23. Rb3 Rab8 24. d5+ Kd7 25. c4 g4 26. fxg4 Rxg4+ 27. Rg3 Rbg8 28. Kf1 f5 29. exf5 Nxf5 30. Ne4 Nxg3+ 31. hxg3 Ke7 32. Kg2 h5 33. Rh1 Rxe4 34. Rxh5 Re2 35. Rh7+ Kd8 36. Bc1 Rxf2+ 37. Kh3 Rf3 0-1


[Site "https://www.chess.com"]

[Event "Titled Tuesday Blitz December 27 Late 2022"]
[White "Deac, Bogdan-Daniel"]
[Black "Kravtsiv, Martyn"]
[WhiteFideId "1226380"]
[BlackFideId "14113147"]
[WhiteElo "2700"]
[BlackElo "2598"]
[Result "1-0"]
[Round "10"]
[TimeControl "180+2"]
[Date "2022.12.27"]
[WhiteClock "0:00:46"]
[BlackClock "0:00:12"]

1. e4 e5 2. Nf3 Nc6 3. Bb5 a6 4. Ba4 Nf6 5. O-O Be7 6. d3 b5 7. Bb3 O-O 8. Re1 d6 9. c3 Nb8 10. Nbd2 Nbd7 11. Nf1 Re8 12. Ng5 Rf8 13. Ng3 Nc5 14. Bc2 Bg4 15. Nf3 Nh5 16. h3 Bxf3 17. Qxf3 Nxg3 18. Qxg3 Ne6 19. Bb3 Kh8 20. Bd5 Rc8 21. Be3 c6 22. Bb3 Bh4 23. Qg4 Qe7 24. a4 Nc5 25. Bc2 bxa4 26. d4 exd4 27. cxd4 Ne6 28. e5 dxe5 29. dxe5 Rb8 30. Rxa4 Rxb2 31. Bxh7 g5 32. Qh5 Kg7 33. Rxh4 1-0


[Site "https://www.chess.com"]

[Event "Titled Tuesday Blitz December 27 Late 2022"]
[White "Denishev, Marat"]
[Black "Gasanov, Eldar"]
[WhiteFideId "24131563"]
[BlackFideId "14104466"]
[WhiteElo "2255"]
[BlackElo "2481"]
[Result "0-1"]
[Round "10"]
[TimeControl "180+2"]
[Date "2022.12.27"]
[WhiteClock "0:00:28"]
[BlackClock "0:01:25"]

1. Nf3 d5 2. d4 Bf5 3. g3 e6 4. Bg2 Nf6 5. O-O Be7 6. c4 c6 7. Nh4 Be4 8. f3 Bxb1 9. Rxb1 Nfd7 10. Qb3 Qb6 11. c5 Qxb3 12. axb3 g5 13. e4 gxh4 14. e5 hxg3 15. hxg3 Rg8 16. Kf2 h5 17. Rh1 Rh8 18. Be3 Nf8 19. Rh3 Ng6 20. Rbh1 h4 21. Ke2 Nd7 22. g4 f6 23. f4 f5 24. gxf5 exf5 25. Bf3 Ndf8 26. Rg1 Kf7 27. Bg2 Ne6 28. Rf3 h3 29. Bf1 Rh4 30. Kd2 h2 31. Rh1 Ngxf4 32. Bf2 Rh5 33. Be3 Bg5 34. Kc2 Rg8 35. b4 a6 36. Rf2 Rgh8 37. Rd2 Ng6 38. Bxg5 Nxg5 39. Rf2 Ne4 0-1


[Site "https://www.chess.com"]

[Event "Titled Tuesday Blitz December 27 Late 2022"]
[White "Dias, Joao Batista"]
[Black "Liu, Kelsey"]
[WhiteFideId "2108240"]
[BlackFideId "30944481"]
[WhiteElo "1796"]
[BlackElo "2065"]
[Result "1/2-1/2"]
[Round "10"]
[TimeControl "180+2"]
[Date "2022.12.27"]
[WhiteClock "0:01:01"]
[BlackClock "0:00:12"]

1. e4 c5 2. Nf3 e6 3. Be2 Nc6 4. c3 Nf6 5. d3 d5 6. exd5 exd5 7. O-O Be7 8. Bg5 O-O 9. h3 h6 10. Bh4 Bf5 11. Re1 Qb6 12. Qb3 Be6 13. Nbd2 Rfe8 14. Bf1 Na5 15. Qxb6 axb6 16. a3 Bf5 17. Ne5 Nh7 18. Bxe7 Rxe7 19. Nef3 Rae8 20. Rxe7 Rxe7 21. Re1 Kf8 22. Rxe7 Kxe7 23. g4 Be6 24. Kg2 f6 25. Kg3 Ng5 26. Nxg5 hxg5 27. h4 gxh4+ 28. Kxh4 Bf7 29. f4 g6 30. Bg2 Nc6 31. Bf3 Nd8 32. Kg3 Kd6 33. Nf1 g5 34. fxg5 fxg5 35. Be2 Ne6 36. Nh2 Nf4 37. Bf1 Bg6 38. Nf3 Nxd3 39. Bxd3 Bxd3 40. Nxg5 d4 41. cxd4 cxd4 42. Kf4 Bg6 43. Nf3 Kd5 44. Nd2 b5 45. g5 b6 46. b4 Bh7 47. Kg4 d3 48. Kh5 Kd4 49. Kh6 Bg8 50. g6 Kc3 51. Ne4+ Kc2 52. Kg7 Bb3 53. Kf6 d2 54. Nxd2 Kxd2 55. Ke5 Kc2 56. Kd6 Kb2 57. Kc6 Kxa3 58. Kxb5 Bg8 59. Kxb6 Kxb4 60. Kc7 Kc5 61. Kd7 Kd5 62. Ke7 Ke5 63. Kf8 Bd5 64. g7 Kf6 65. g8=B 1/2-1/2


[Site "https://www.chess.com"]

[Event "Titled Tuesday Blitz December 27 Late 2022"]
[White "Domingo Nunez, Ruben"]
[Black "Petrovic, Aleksa"]
[WhiteFideId "22245570"]
[BlackFideId "967629"]
[WhiteElo "2416"]
[BlackElo "2332"]
[Result "1-0"]
[Round "10"]
[TimeControl "180+2"]
[Date "2022.12.27"]
[WhiteClock "0:01:23"]
[BlackClock "0:00:04"]

1. e4 e6 2. Nf3 c5 3. d4 cxd4 4. c3 Nf6 5. e5 Nd5 6. cxd4 d6 7. a3 Nd7 8. Bd3 Qc7 9. O-O dxe5 10. dxe5 Nc5 11. Bc2 Bd7 12. b4 Na6 13. Bd3 Rc8 14. Bd2 g6 15. h4 Bg7 16. Qe2 Nb8 17. b5 O-O 18. a4 Rfd8 19. Na3 Be8 20. Rac1 Qe7 21. Nc4 Nd7 22. Bg5 f6 23. exf6 Bxf6 24. Rfe1 Bxg5 25. Nxg5 Nf4 26. Qe3 Nxd3 27. Qxd3 Ne5 28. Qe4 Nxc4 29. Rxc4 Rxc4 30. Qxc4 Bf7 31. Qf4 Rf8 32. Qe5 h6 33. Ne4 Be8 34. Rc1 Rf5 35. Qg3 Bf7 36. Rc8+ Kh7 37. Rc7 Qf8 38. Nd6 Rf6 39. Qe5 Qg7 40. Qxf6 Qxf6 41. Rxf7+ Qxf7 42. Nxf7 Kg7 43. Nd8 b6 44. Nxe6+ Kf6 45. Nd8 Ke5 46. Nc6+ Kd5 47. Nxa7 Kc5 48. Nc8 1-0


[Site "https://www.chess.com"]

[Event "Titled Tuesday Blitz December 27 Late 2022"]
[White "Dzierzak, Radoslaw"]
[Black "Mushini Ajay"]
[WhiteFideId "1161407"]
[BlackFideId "35066188"]
[WhiteElo "2220"]
[BlackElo "2310"]
[Result "0-1"]
[Round "10"]
[TimeControl "180+2"]
[Date "2022.12.27"]
[WhiteClock "0:00:06"]
[BlackClock "0:01:03"]

1. e4 c5 2. Nf3 d6 3. d4 cxd4 4. Nxd4 Nf6 5. Nc3 a6 6. g3 b5 7. Bg2 Bb7 8. O-O e6 9. Re1 Nbd7 10. a4 b4 11. Nd5 a5 12. Nb5 Bxd5 13. exd5 e5 14. f4 Be7 15. fxe5 Nxe5 16. Rxe5 dxe5 17. d6 Qb6+ 18. Kh1 Rd8 19. Bg5 Bxd6 20. Bxf6 gxf6 21. Qf3 Be7 22. Rf1 h5 23. h3 Kf8 24. Qf5 Qe3 25. Kh2 Rd2 26. Qc8+ Kg7 27. Qb7 Qe2 28. Rg1 h4 29. gxh4 Bc5 30. Nc7 Bxg1+ 31. Kh1 Qxg2+ 32. Qxg2+ Rxg2 33. Kxg2 Rc8 34. Nd5 Rxc2+ 35. Kxg1 Rxb2 36. Nb6 b3 37. Nc4 Rc2 38. Nxa5 b2 0-1


[Site "https://www.chess.com"]

[Event "Titled Tuesday Blitz December 27 Late 2022"]
[White "Estrada Nieto, Julian"]
[Black "Schmidt, Harald"]
[WhiteFideId "5101018"]
[BlackFideId "4648358"]
[WhiteElo "2215"]
[BlackElo "2347"]
[Result "1/2-1/2"]
[Round "10"]
[TimeControl "180+2"]
[Date "2022.12.27"]
[WhiteClock "0:00:29"]
[BlackClock "0:00:31"]

1. e4 d6 2. d4 e5 3. Nf3 exd4 4. Nxd4 Nc6 5. Nc3 Nf6 6. Bb5 Bd7 7. O-O Be7 8. Bxc6 bxc6 9. Qf3 O-O 10. e5 dxe5 11. Nxc6 Bxc6 12. Qxc6 Bb4 13. Bg5 Qd6 14. Qxd6 cxd6 15. Bxf6 Bxc3 16. Bxg7 Kxg7 17. bxc3 Rac8 18. Rfd1 Rxc3 19. Rxd6 Rxc2 20. Ra6 Rfc8 21. g3 R8c7 22. Re1 f6 23. Re3 R2c6 24. Rea3 Rxa6 25. Rxa6 Kg6 26. Kg2 Kf5 27. Kf3 h5 28. h3 Rb7 29. g4+ hxg4+ 30. hxg4+ Kg5 31. Kg3 Rc7 32. f3 Rd7 33. a4 Rc7 34. a5 Rd7 35. Kf2 Rc7 36. Ke3 Rc3+ 37. Ke4 Rc4+ 38. Kd3 Rc7 39. Re6 Rf7 40. a6 Kf4 41. Ke2 Kg5 42. Rc6 Rd7 43. Ke3 Rh7 44. Rc8 Rd7 45. Rg8+ Kh6 46. Rb8 Rd6 47. Ke4 Rxa6 48. Kf5 Rb6 49. Ra8 a6 50. Ra7 Rc6 51. Ra8 Rb6 52. Ra7 Rc6 53. Rb7 Rc3 54. Kxf6 Rxf3+ 55. Kxe5 Ra3 56. Kf5 Rf3+ 57. Ke4 Ra3 58. Rb8 a5 59. Kf4 a4 60. Rb6+ Kg7 61. Kg5 Ra1 62. Rb7+ Kf8 63. Ra7 a3 64. Kg6 a2 65. g5 Ke8 66. Kg7 Rg1 67. Rxa2 Rxg5+ 68. Kf6 Rb5 69. Ra6 Kd7 70. Ra7+ Kc6 1/2-1/2


[Site "https://www.chess.com"]

[Event "Titled Tuesday Blitz December 27 Late 2022"]
[White "Ezat, Mohamed"]
[Black "Arencibia Monduy, Antonio"]
[WhiteFideId "10600906"]
[BlackFideId "3507939"]
[WhiteElo "2402"]
[BlackElo "2122"]
[Result "1-0"]
[Round "10"]
[TimeControl "180+2"]
[Date "2022.12.27"]
[WhiteClock "0:00:52"]
[BlackClock "0:00:07"]

1. e4 c6 2. d4 d5 3. e5 Bf5 4. Nc3 e6 5. g4 Bg6 6. Nge2 h6 7. Be3 Nd7 8. Nf4 Bh7 9. h4 Qb6 10. Rb1 Ne7 11. Bg2 Ng6 12. Nd3 Be7 13. g5 hxg5 14. hxg5 O-O-O 15. b4 Ndxe5 16. dxe5 d4 17. b5 dxe3 18. bxc6 exf2+ 19. Kf1 Qa5 20. Rxb7 Qxc3 21. Qb1 Nxe5 22. Nxe5 Qe1+ 23. Qxe1 fxe1=Q+ 24. Kxe1 Bxg5 25. Nxf7 Bd2+ 26. Ke2 Bh6 27. Nxh8 Rd2+ 28. Kf3 Rxc2 29. Rxh6 Rc3+ 30. Kf2 Rc2+ 31. Kg1 Rc1+ 32. Kh2 Bf5 33. Nf7 gxh6 34. Nd6+ Kd8 35. Rd7# 1-0


[Site "https://www.chess.com"]

[Event "Titled Tuesday Blitz December 27 Late 2022"]
[White "Fernandez Garcia, Gumersindo"]
[Black "Bilan, Danila"]
[WhiteFideId "24516740"]
[BlackFideId "24161918"]
[WhiteElo "2160"]
[BlackElo "2303"]
[Result "1-0"]
[Round "10"]
[TimeControl "180+2"]
[Date "2022.12.27"]
[WhiteClock "0:00:22"]
[BlackClock "0:00:02"]

1. d4 d5 2. c4 c6 3. Nf3 Nf6 4. Nc3 e6 5. Bg5 Nbd7 6. e3 Be7 7. Bd3 dxc4 8. Bxc4 Nd5 9. Bxe7 Qxe7 10. O-O O-O 11. Rc1 Nxc3 12. bxc3 c5 13. h3 b6 14. Bd3 Bb7 15. Qe2 Rac8 16. e4 cxd4 17. cxd4 Nf6 18. Rfd1 Qa3 19. Rxc8 Rxc8 20. e5 Nd5 21. Ng5 h6 22. Qf3 Qe7 23. Ne4 a5 24. Nd6 Rc3 25. Qe4 g6 26. Nxb7 Qxb7 27. h4 h5 28. Be2 Qe7 29. Bf3 Qc7 30. Qe1 Nf4 31. Qe4 Nd5 32. Qb1 Nb4 33. d5 exd5 34. a3 Nc2 35. Bxd5 Nxa3 36. Qxg6+ Kf8 37. Qh6+ Ke8 38. Qh8+ Ke7 39. Qf6+ Ke8 40. e6 Rc1 41. exf7+ Kf8 42. Qh8+ Ke7 43. f8=Q+ Kd7 44. Qhg7# 1-0


[Site "https://www.chess.com"]

[Event "Titled Tuesday Blitz December 27 Late 2022"]
[White "Fernandez, Maria Florencia"]
[Black "Gasparyan, David"]
[WhiteFideId "116459"]
[BlackFideId "13311980"]
[WhiteElo "2129"]
[BlackElo "2142"]
[Result "1-0"]
[Round "10"]
[TimeControl "180+2"]
[Date "2022.12.27"]
[WhiteClock "0:00:10"]
[BlackClock "0:01:29"]

1. d4 Nf6 2. c4 e6 3. Nc3 Bb4 4. a3 Bxc3+ 5. bxc3 b6 6. f3 d5 7. cxd5 exd5 8. Bg5 Nbd7 9. e3 O-O 10. Bd3 h6 11. Bh4 Re8 12. Bf2 c5 13. Ne2 c4 14. Bb1 b5 15. O-O Nb6 16. Ng3 Na4 17. Qc2 Qa5 18. Ne2 g6 19. Bh4 Nh5 20. e4 dxe4 21. fxe4 Bg4 22. e5 Bxe2 23. Qxe2 Qb4 24. axb4 Nxc3 25. Qf3 f5 26. Qxc3 Ng7 27. Bf6 Ne6 28. d5 Nc7 29. d6 Ne6 30. Qg3 Kf7 31. Qh3 Nf8 32. Qxh6 Ke6 33. Be7 Kd5 34. Bxf8 Rxf8 35. Qxg6 Kxe5 36. d7 Rad8 37. Bxf5 Kd4 38. Rad1+ Kc3 39. Qd6 Kb3 40. Rb1+ Kc3 41. Rfc1# 1-0


[Site "https://www.chess.com"]

[Event "Titled Tuesday Blitz December 27 Late 2022"]
[White "Fiorito, Joaquin"]
[Black "Sos Andreu, Eric"]
[WhiteFideId "180173"]
[BlackFideId "22247017"]
[WhiteElo "2405"]
[BlackElo "2352"]
[Result "1/2-1/2"]
[Round "10"]
[TimeControl "180+2"]
[Date "2022.12.27"]
[WhiteClock "0:00:07"]
[BlackClock "0:00:28"]

1. d4 Nf6 2. Nc3 e6 3. Bf4 c6 4. e4 d5 5. e5 Nfd7 6. Nce2 c5 7. dxc5 Bxc5 8. Nd4 Qb6 9. Ngf3 Nc6 10. c3 Qxb2 11. Be2 Qxc3+ 12. Bd2 Qb2 13. Nb5 O-O 14. O-O a6 15. Bc3 Qxa1 16. Bxa1 axb5 17. Qc2 b4 18. Bd3 h6 19. Qe2 b6 20. Kh1 Bb7 21. Nh4 Ra3 22. f4 Rfa8 23. f5 Rxa2 24. fxe6 Rxe2 25. exf7+ Kh8 26. Ng6+ Kh7 27. Nf8+ Kh8 28. Ng6+ Kh7 29. Nf8+ Kh8 30. Ng6+ 1/2-1/2


[Site "https://www.chess.com"]

[Event "Titled Tuesday Blitz December 27 Late 2022"]
[White "Floresvillar Gonzalez, Luis Migu"]
[Black "Finkelstein, Alan"]
[WhiteFideId "5100542"]
[BlackFideId "30950961"]
[WhiteElo "2043"]
[BlackElo "2152"]
[Result "0-1"]
[Round "10"]
[TimeControl "180+2"]
[Date "2022.12.27"]
[WhiteClock "0:00:17"]
[BlackClock "0:00:08"]

1. e4 c5 2. Nf3 e6 3. g3 Nc6 4. Bg2 Nf6 5. Qe2 d6 6. c3 Be7 7. O-O O-O 8. h4 e5 9. d3 Bg4 10. Bg5 h6 11. Be3 Qd7 12. Bc1 Rfe8 13. Nbd2 d5 14. Re1 Bf8 15. Qf1 Rad8 16. Nh2 Be6 17. Ndf3 Qc7 18. b3 b5 19. Bb2 c4 20. exd5 Nxd5 21. dxc4 bxc4 22. b4 f6 23. b5 Na5 24. Red1 Qb6 25. a4 Nb3 26. Ra2 Bc5 27. Ba3 Nxc3 28. Bxc5 Rxd1 29. Qxd1 Qxc5 30. Qc2 Nxa2 31. Qxa2 c3 32. Ne1 Nd4 33. Qb1 c2 34. Nxc2 Qxc2 35. Qb4 Qb3 36. Qc5 Qxa4 37. Bd5 Bxd5 38. Qxd5+ Kh8 39. Qd7 Qxb5 40. Qxa7 Qb1+ 41. Kg2 Qe4+ 42. Kg1 Rc8 43. Qa1 Rc1+ 44. Qxc1 Ne2+ 45. Kf1 Nxc1 46. f3 Qe3 47. Kg2 Nd3 48. Ng4 Qe2+ 49. Kh3 Qxf3 50. Nh2 Nf2# 0-1


[Site "https://www.chess.com"]

[Event "Titled Tuesday Blitz December 27 Late 2022"]
[White "Foisor, Sabina-Francesca"]
[Black "Curtis, John"]
[WhiteFideId "1212915"]
[BlackFideId "3200256"]
[WhiteElo "2185"]
[BlackElo "2292"]
[Result "1-0"]
[Round "10"]
[TimeControl "180+2"]
[Date "2022.12.27"]
[WhiteClock "0:00:08"]
[BlackClock "0:00:03"]

1. d4 Nf6 2. c4 c6 3. Nf3 d5 4. Nbd2 g6 5. e3 Bg7 6. Be2 O-O 7. O-O Bg4 8. h3 Bxf3 9. Nxf3 dxc4 10. Bxc4 Nbd7 11. Rb1 a5 12. b3 Nd5 13. Bb2 b5 14. Be2 e6 15. Rc1 Qb6 16. a3 Rac8 17. Qd2 c5 18. e4 N5f6 19. Qe3 cxd4 20. Bxd4 Qb7 21. Nd2 Rxc1 22. Rxc1 e5 23. Bb2 Rb8 24. b4 axb4 25. axb4 Bf8 26. Bc3 h5 27. Bd3 Kh7 28. Nf3 Bh6 29. Ng5+ Bxg5 30. Qxg5 Nxe4 31. Bxe4 Qxe4 32. Bd2 Qf5 33. Qh6+ Kg8 34. Rc7 Nf6 35. Qe3 Nd5 36. Qa7 Rf8 37. Rb7 Qb1+ 38. Kh2 Qd3 39. Bh6 Qf5 40. Bxf8 Kxf8 41. Rb8+ Kg7 42. Rxb5 Nf4 43. Qe3 f6 44. Rb7+ Kh6 45. b5 h4 46. b6 Qc8 47. Rc7 Qa8 48. b7 Qb8 49. Rf7 Kg5 50. Qf3 Kf5 51. Qg4+ Ke4 52. Rxf6 Qd8 53. Qf3+ Kd4 54. Rc6 1-0


[Site "https://www.chess.com"]

[Event "Titled Tuesday Blitz December 27 Late 2022"]
[White "Garcia Cuenca, Victor"]
[Black "Rosen, Eric"]
[WhiteFideId "2250829"]
[BlackFideId "2032562"]
[WhiteElo "2324"]
[BlackElo "2349"]
[Result "1-0"]
[Round "10"]
[TimeControl "180+2"]
[Date "2022.12.27"]
[WhiteClock "0:00:47"]
[BlackClock "0:00:01"]

1. b3 e5 2. Bb2 Nc6 3. e3 Nf6 4. Bb5 e4 5. d3 a6 6. Bxc6 dxc6 7. Nc3 Bf5 8. dxe4 Nxe4 9. Nxe4 Bxe4 10. f3 Bg6 11. Qxd8+ Rxd8 12. e4 f5 13. e5 f4 14. Ne2 Bxc2 15. Nxf4 Bb4+ 16. Kf2 Rd2+ 17. Kg3 g5 18. Nh5 Bg6 19. Nf6+ Ke7 20. Bc1 Re2 21. Bxg5 Rxe5 22. Ne4+ Ke6 23. Bf6 Bd6 24. Bxh8 Rxe4+ 25. Kh3 Rb4 26. Rae1+ Kf7 27. Be5 Bc5 28. Bc3 Rb5 29. Re5 a5 30. a4 Rxb3 31. Rxc5 Ke6 32. Re5+ 1-0


[Site "https://www.chess.com"]

[Event "Titled Tuesday Blitz December 27 Late 2022"]
[White "Garcia, Gabriel Gonzaga"]
[Black "Gerbelli Neto, Eduardo"]
[WhiteFideId "2138956"]
[BlackFideId "2103281"]
[WhiteElo "2091"]
[BlackElo "2114"]
[Result "1-0"]
[Round "10"]
[TimeControl "180+2"]
[Date "2022.12.27"]
[WhiteClock "0:02:19"]
[BlackClock "0:00:09"]

1. e4 e5 2. Nf3 Nc6 3. Bc4 Nf6 4. d3 Bc5 5. c3 d6 6. a4 a5 7. Na3 O-O 8. Nc2 d5 9. exd5 Nxd5 10. O-O h6 11. Re1 Re8 12. Ne3 Nxe3 13. Bxe3 Bxe3 14. Rxe3 Bg4 15. Qe1 Qd6 16. Bb5 Bxf3 17. Rxf3 Re7 18. Qe4 Nd8 19. Re1 f6 20. d4 c6 21. Bd3 Nf7 22. Qh7+ Kf8 23. Rg3 exd4 24. Qxg7+ Ke8 25. Qg8+ Kd7 26. Rxe7+ Qxe7 27. Qxa8 Qe1+ 28. Bf1 1-0


[Site "https://www.chess.com"]

[Event "Titled Tuesday Blitz December 27 Late 2022"]
[White "Gubajdullin, Alexei"]
[Black "Martinez Reyes, Pedro Ramon"]
[WhiteFideId "4141202"]
[BlackFideId "3901807"]
[WhiteElo "2285"]
[BlackElo "2376"]
[Result "1-0"]
[Round "10"]
[TimeControl "180+2"]
[Date "2022.12.27"]
[WhiteClock "0:00:06"]
[BlackClock "0:00:09"]

1. d4 f5 2. Nc3 Nf6 3. Bg5 d5 4. Bxf6 exf6 5. e3 Be6 6. Bd3 Nc6 7. Qf3 Nb4 8. Bxf5 Bf7 9. O-O-O g6 10. Bh3 Be7 11. Nge2 O-O 12. Nf4 c6 13. Ne6 Bxe6 14. Bxe6+ Kh8 15. h4 Qa5 16. h5 g5 17. a3 Na6 18. Bf5 Bxa3 19. Nb1 Bd6 20. c3 b5 21. Bd3 Rae8 22. Qf5 Re7 23. h6 b4 24. Rh5 bxc3 25. Nxc3 Rb7 26. Bb1 Ba3 27. Na4 Qxa4 28. bxa3 Qa5 29. Rd3 Rfb8 30. Rb3 Qc7 31. Qxf6+ 1-0


[Site "https://www.chess.com"]